 Dungeon Crawl Stone Soup version 0.24.0-13-gcf9b319 (webtiles) character file.

Game seed: 749414686168858534, levelgen mode: deterministic

7536 Fang the Blocker (level 11, -5/108 HPs)
             Began as a Gargoyle Fighter on Jan 2, 2020.
             Was a Believer of Trog.
             Slain by a bone dragon (14 damage)
             ... on level 1 of the Abyss.
             The game lasted 00:09:32 (8954 turns).

Fang the Blocker (Gargoyle Fighter)                 Turns: 8954, Time: 00:09:33

Health: -5/108     AC: 24    Str: 34    XL:     11   Next: 16%
Magic:  11/11      EV:  7    Int: 10    God:    Trog [**....]
Gold:   620        SH: 14    Dex: 11    Spells: 10/10 levels left

rFire    + . .     SeeInvis .   a - +0 war axe
rCold    + . .     Gourm    +   B - +1 shield
rNeg     + . .     Faith    .   b - +0 plate armour
rPois    ∞         Spirit   .   n - +1 helmet "Boupt" {Str+7 Dex+2}
rElec    +         Reflect  .   q - scarf {rC+ rF+}
rCorr    .         Harm     .   (no gloves)
MR       ++...                  (no boots)
Stlth    ..........             d - amulet of the gourmand
HPRegen  1.28/turn              f - ring of flight
MPRegen  0.12/turn              (no ring)

@: berserking (expiring), regenerating, very quick
A: negative energy resistance 1, electricity resistance, unbreathing,
petrification resistance, rot immunity, AC +8
a: Berserk, Trog's Hand, Renounce Religion, Evoke Flight


You were on level 1 of the Abyss.
You worshipped Trog.
Trog was pleased with you.
You were not hungry.

You visited 2 branches of the dungeon, and saw 10 of its levels.
You visited the Abyss 1 time.

You collected 620 gold pieces.

Inventory:

Hand Weapons
 a - a +0 war axe (weapon)
Armour
 b - a +0 plate armour (worn)
 n - the +1 helmet "Boupt" (worn) {Str+7 Dex+2}
   (You took it off Robin on level 4 of the Dungeon)

   It affects your strength (+7).
   It affects your dexterity (+2).
 q - a scarf of resistance (worn)
 B - a +1 shield (worn)
Jewellery
 d - an amulet of the gourmand (around neck)
 f - a ring of flight (left hand)
Wands
 k - a wand of enslavement (9)
 l - a wand of paralysis (8)
 m - a wand of random effects (9)
 p - a wand of polymorph (4)
 r - a wand of flame (30)
Scrolls
 e - 7 scrolls of remove curse
 o - 2 scrolls of enchant armour
 u - 2 scrolls of blinking
 v - 3 scrolls of identify
 w - 2 scrolls of teleportation
 y - 2 scrolls of enchant weapon {unknown}
Potions
 g - 2 potions of haste
 h - 2 potions of flight
 i - a potion of mutation
 j - 4 potions of ambrosia
 s - 3 potions of curing
 t - 2 potions of agility {unknown}
 z - 2 potions of cancellation {unknown}
Comestibles
 c - 19 rations


   Skills:
 + Level 9.8 Fighting
 + Level 8.0 Axes
 + Level 9.8 Armour
 + Level 9.9 Shields


You had 10 spell levels left.
You didn't know any spells.
Your spell library contained the following spells:

 Spells                   Type           Power        Failure   Level  Hunger
 Animate Skeleton         Necr           N/A          99%         1    ##.....
 Apportation              Tloc           #.....       99%         1    ##.....
 Confusing Touch          Hex            #.....       99%         1    ##.....
 Summon Small Mammal      Summ           #...         99%         1    ##.....


Dungeon Overview and Level Annotations

Branches:
Dungeon (9/15)             Temple (1/1) D:6            Lair (0/6) D:9
    Orc: D:9-12

Altars:
Ashenzari
Cheibriados
Dithmenos
Elyvilon
Hepliaklqana
Makhleb
Nemelex Xobeh
Qazlal
Sif Muna
Trog
Uskayaw
Vehumet
Wu Jian
Yredelemnul
Zin
The Shining One

Annotations:
D:9 Erolcha


Innate Abilities, Weirdness & Mutations

You are resistant to torment.
Your stone body is resilient. (AC +8)
You are immune to poison.
You resist negative energy. (rN+)
You are resistant to electric shocks. (rElec)
You can survive without breathing.
You are immune to petrification.
You are immune to rotting.


Message History

You block the bone dragon's attack.
You are too injured to fight recklessly!
You hit the bone dragon.
The bone dragon is moderately damaged.
You are too injured to fight recklessly!
You hit the bone dragon but do no damage.
The bone dragon is moderately damaged.
The bone dragon bites you!
* * * LOW HITPOINT WARNING * * *
The bone dragon claws you but does no damage.
You block the bone dragon's attack.
You are too injured to fight recklessly!
You slash the bone dragon!
The bone dragon is moderately damaged.
The bone dragon bites you but does no damage.
You block the bone dragon's attack. The bone dragon completely misses you.
You slash the bone dragon!
The bone dragon is heavily damaged.
The bone dragon bites you!
You die...

##. '. .. #... .
#'#### ### . ...
. .######### .#..
... .........# '.
. .........@.#
........
.......D.# ## ...
..........#
.......##......#
## ## ..##......#
... . #.
..#......# .
....######......#
. .. . ..#......#
. .. ....#......#


You could see a bone dragon.

Vanquished Creatures
  Pikel (D:8)
  Maurice (D:8)
  2 large abominations (Abyss:1)
  An apocalypse crab (Abyss:1)
  An ancient zyme (Abyss:1)
  A komodo dragon (D:9)
  A hornet (D:9)
  A small abomination (Abyss:1)
  A wyvern (D:9)
  Eustachio (D:6)
  9 yaks (D:9)
  A hungry ghost (D:9)
  A water moccasin (D:6)
  3 sky beasts
  4 orc warriors
  An ice beast (D:7)
  4 slaves (D:8)
  2 phantoms
  2 ogres
  A centaur (D:9)
  2 big kobolds (D:8)
  5 bullfrogs
  A wyvern zombie (D:9)
  2 howler monkeys (D:8)
  2 crimson imps
  A quasit (Abyss:1)
  8 orc priests
  3 hounds
  2 jellies
  A bullfrog skeleton (D:9)
  8 orc wizards
  3 iguanas
  7 worker ants
  A worker ant zombie (D:2)
  Robin (D:4)
  A howler monkey skeleton (D:8)
  11 adders
  2 shadow imps
  2 oozes
  An adder zombie (D:9)
  4 adder skeletons
  2 worms (D:3)
  A dart slug (D:3)
  2 leopard geckos
  29 orcs
  8 giant cockroaches
  2 gnoll zombies (D:5)
  7 goblins
  7 hobgoblins
  8 jackals
  10 bats
  10 frilled lizards
  13 kobolds
  2 leopard gecko skeletons
  A quokka skeleton (D:2)
  10 rats
219 creatures vanquished.

Vanquished Creatures (others)
  A lurking horror (Abyss:1)
  A plant (D:9)
2 creatures vanquished.

Grand Total: 221 creatures vanquished

Notes
Turn   | Place    | Note
-------+----------+-------------------------------------------
     0 | D:1      | Fang the Gargoyle Fighter began the quest for the Orb.
     0 | D:1      | Reached XP level 1. HP: 14/14 MP: 1/1
   855 | D:2      | Reached XP level 2. HP: 18/19 MP: 2/2
   946 | D:2      | Noticed a sky beast
   947 | D:2      | Reached XP level 3. HP: 20/23 MP: 3/3
   968 | D:2      | Killed a sky beast
   968 | D:2      | Reached XP level 4. HP: 4/29 MP: 4/4
   968 | D:2      | Reached XP level 5. HP: 5/33 MP: 5/5
  1845 | D:3      | Found a faded altar of an unknown god.
  2793 | D:4      | Reached XP level 6. HP: 34/39 MP: 6/6
  3066 | D:4      | Identified the +1 helmet "Boupt" {Str+7 Dex+2}
  3066 | D:4      | Noticed Robin
  3079 | D:4      | Killed Robin
  3191 | D:4      | Reached skill level 5 in Fighting
  3191 | D:4      | Reached skill level 5 in Armour
  3191 | D:4      | Reached skill level 5 in Shields
  3194 | D:4      | Reached XP level 7. HP: 32/44 MP: 7/7
  3302 | D:4      | Found a white marble altar of Elyvilon.
  3378 | D:4      | Found a burning altar of Makhleb.
  3698 | D:5      | Entered Level 5 of the Dungeon
  3827 | D:5      | Found a glowing golden altar of the Shining One.
  4408 | D:5      | Found a basalt altar of Yredelemnul.
  4753 | D:6      | Found a staircase to the Ecumenical Temple.
  4776 | Temple   | Entered the Ecumenical Temple
  4962 | Temple   | Became a worshipper of Trog the Wrathful
  4993 | D:6      | Noticed Eustachio
  5290 | D:6      | Found a shattered altar of Ashenzari.
  5309 | D:6      | Killed Eustachio
  5309 | D:6      | Reached XP level 8. HP: 47/51 MP: 8/8
  5739 | D:6      | Found an ornate altar of the Wu Jian Council.
  6060 | D:7      | Reached skill level 5 in Axes
  6360 | D:7      | Reached * piety under Trog
  6466 | D:7      | Found a shadowy altar of Dithmenos.
  6575 | D:7      | Reached XP level 9. HP: 46/56 MP: 9/9
  6610 | D:7      | Found a stormy altar of Qazlal.
  7237 | D:8      | Noticed Pikel
  7274 | D:8      | Killed Pikel
  7443 | D:8      | Noticed Maurice
  7484 | D:8      | Killed Maurice
  7552 | D:8      | Reached XP level 10. HP: 64/64 MP: 10/10
  7650 | D:8      | Reached ** piety under Trog
  8161 | D:9      | Found a staircase to the Lair.
  8710 | D:9      | Noticed Erolcha
  8714 | D:9      | Cast into level 1 of the Abyss (Erolcha)
  8751 | Abyss:1  | Noticed an apocalypse crab
  8766 | Abyss:1  | Killed an apocalypse crab
  8781 | Abyss:1  | Noticed a large abomination
  8796 | Abyss:1  | Found a snail-covered altar of Cheibriados.
  8805 | Abyss:1  | Reached XP level 11. HP: 27/71 MP: 11/11
  8808 | Abyss:1  | Killed a large abomination
  8897 | Abyss:1  | Noticed a large abomination
  8904 | Abyss:1  | Killed a large abomination
  8906 | Abyss:1  | Noticed a bone dragon
  8954 | Abyss:1  | Slain by a bone dragon

Levels and vault maps discovered:
D:1:      psy_arrival_dodecagon, layout_loops_corners, minmay_stone_trees_small,
          columned_hall_lemuel
D:2:      layout_basic, minmay_diced_spiral
D:3:      layout_basic, first_ration, chequers_ecumenical_altar_simple_redux,
          mrwooster_statue_mirror
D:4:      layout_loops_cross, overflow_temple_1_default, lemuel_crystal_altar,
          minmay_misc_feat_ornament, uniq_robin
D:5:      layout_layer_cave, lemuel_zombie_altar_yredelemnul, old_standard_altar
D:6:      layout_cave_pools, lemuel_coloured_pillars_altar,
          minmay_temple_entry_wispy, serial_column_ruins, column_ruins_grid_3,
          column_ruins_grid_1, column_ruins_grid_4, column_ruins_columns_T,
          column_ruins_grid_3, basic_altar, uniq_eustachio
D:7:      layout_gridville, grunt_qazlal_clouds, grunt_dithmenos_smoke
D:8:      layout_basic, blue_anna_alchemist [blue_anna_fruit_fields,
          blue_anna_fruit_fields], uniq_pikel, uniq_maurice
D:9:      layout_basic, david_lair_shrubbed, uniq_erolcha
Temple:   eino_temple_rhombus
Abyss:1

Skill      XL: |  1  2  3  4  5  6  7  8  9 10 11 |
---------------+----------------------------------+-----
Axes           | 2 3 4 5 6 7 8 |  8.0
Fighting       | 4 5 6 8 9 |  9.8
Armour         | 4 5 6 8 9 |  9.8
Shields        | 4 5 6 8 9 |  9.9

Action                   |  1- 3 |  4- 6 |  7- 9 | 10-12 || total
-------------------------+-------+-------+-------+-------++-------
Melee: War axe           |    83 |   213 |   395 |   245 ||   936
Invok: Trog's Hand       |       |       |       |     7 ||     7
       Berserk           |       |       |       |     4 ||     4
Evoke: Wand              |       |       |     1 |       ||     1
  Use: Scroll            |       |     8 |     8 |       ||    16
       Potion            |       |       |     3 |       ||     3
  Eat: Chunk             |       |     8 |    30 |    10 ||    48
Armor: Scale mail        |    79 |    42 |       |       ||   121
       Chain mail        |       |    92 |   209 |       ||   301
       Plate armour      |       |       |   161 |   231 ||   392
Dodge: Dodged            |    46 |    50 |   121 |    85 ||   302
Block: Shield            |    51 |   134 |   326 |   257 ||   768
